 Dungeon Crawl Stone Soup version 0.21.1-1-g345015fe64 (webtiles) character file.

33243 Darkins the Fencer (level 13, -4/102 HPs)
             Began as a Minotaur Gladiator on Mar 15, 2018.
             Was the Champion of Trog.
             Slain by ajx's ghost (19 damage)
             ... on level 3 of the Lair of Beasts.
             The game lasted 01:18:24 (16840 turns).

Darkins the Fencer (Minotaur Gladiator)            Turns: 16840, Time: 01:18:25

Health: -4/102     AC:  8    Str: 26    XL:     13   Next: 35%
Magic:  12/12      EV: 23    Int:  5    God:    Trog [******]
Gold:   899        SH:  0    Dex: 12    Spells: 12/12 levels left

rFire    . . .     SeeInvis .   r - +2 great sword (elec)
rCold    + . .     Gourm    .   (shield currently unavailable)
rNeg     . . .     Faith    .   I - +3 leather armour {MR+}
rPois    .         Spirit   .   c - +1 hat
rElec    .         Reflect  .   (no cloak)
rCorr    .         Harm     .   (no gloves)
MR       ++...                  Z - +0 pair of boots
Stlth    +.........             V - amulet of regeneration
HPRegen  0.67/turn              a - ring of protection from cold
MPRegen  0.13/turn              o - ring of protection from magic

@: berserk cooldown, flying, very slightly contaminated, slowed, very slow
A: retaliatory headbutt, horns 2, repulsion field 1, strong 1, wild magic 1
a: Berserk, Trog's Hand, Brothers in Arms, Burn Spellbooks, Renounce Religion


You were on level 3 of the Lair of Beasts.
You worshipped Trog.
Trog was exalted by your worship.
You were not hungry.

You visited 3 branches of the dungeon, and saw 17 of its levels.
You also visited: Sewer.

You collected 997 gold pieces.
You spent 98 gold pieces at shops.

Inventory:

Hand Weapons
 r - a +2 great sword of electrocution (weapon)
 x - a +4 scimitar of flaming
 X - a +1 falchion of draining
Missiles
 d - 6 throwing nets
 e - 3 javelins (quivered)
 t - 261 arrows
 W - 8 javelins of penetration
Armour
 c - a +1 hat (worn)
 n - a +1 chain mail of fire resistance
 s - a +1 scale mail of poison resistance
 y - a +3 leather armour of poison resistance
 E - a +2 robe of positive energy
 I - a +3 leather armour of magic resistance (worn)
 Z - a +0 pair of boots (worn)
Magical Staves
 u - an uncursed staff of poison
 G - an uncursed staff of fire {unknown}
Jewellery
 a - a ring of protection from cold (left hand)
 o - a ring of protection from magic (right hand)
 M - an uncursed ring of stealth
 U - an uncursed ring of teleportation
 V - an amulet of regeneration (around neck)
Wands
 b - a wand of flame (25)
 H - a wand of iceblast (44)
 J - a wand of acid (9)
Scrolls
 h - 4 scrolls of identify
 j - 4 scrolls of immolation
 l - 9 scrolls of remove curse
 m - 3 scrolls of magic mapping
 p - 10 scrolls of teleportation
 q - a scroll of enchant armour
 A - 3 scrolls of fear
 B - a scroll of torment {unknown}
 C - 2 scrolls of fog
 F - 4 scrolls of silence
 O - a scroll of holy word
Potions
 i - a potion of brilliance
 k - a potion of agility
 w - 3 potions of curing
 z - a potion of magic
 D - 2 potions of might
 P - a potion of lignification
 Y - a potion of resistance
Miscellaneous
 R - a phial of floods
 T - a lightning rod (4/4)
Comestibles
 f - 36 rations


   Skills:
 - Level 5.9 Fighting
 * Level 19.2 Long Blades
 - Level 2.0 Throwing
 - Level 0.6 Armour
 + Level 15.5 Dodging


You had 12 spell levels left.
You didn't know any spells.

Dungeon Overview and Level Annotations

Branches:
Dungeon (13/15)            Temple (1/1) D:7            Lair (3/6) D:10
    Orc (0/2) D:9          Vaults (0/5) D:13
  Swamp: Lair:2-4    Shoals: Lair:2-4     Snake: Lair:2-4    Spider: Lair:2-4

Altars:
Ashenzari
Cheibriados
Dithmenos
Elyvilon
Fedhas
Gozag
Hepliaklqana
Kikubaaqudgha
Makhleb
Nemelex Xobeh
Okawaru
Qazlal
Ru
Sif Muna
Trog
Uskayaw
Vehumet
Wu Jian
Xom
Yredelemnul
Zin
The Shining One

Shops:
D:4 (   D:8 [   D:10 *   D:12 ?

Annotations:
D:11 1 runed door
Lair:3 ajx's ghost, journeyman TrFi


Innate Abilities, Weirdness & Mutations

You reflexively headbutt those who attack you in melee.
You have a pair of horns on your head.
You are surrounded by a mild repulsion field. (EV +2)
Your muscles are strong. (Str +2)
Your spells are a little harder to cast, but a little more powerful.


Message History

You assume a fearsome visage.
The death yak resists with almost no effort.
Ajx's ghost is unaffected.
As you read the scroll of teleportation, it crumbles to dust.
You feel strangely unstable. The death yak misses you.
You feel very buoyant.
You fly up into the air.
Your surroundings seem slightly different.
Ajx's ghost hits you.
* * * LOW HITPOINT WARNING * * *
Found a ring of fire.
Found a stone staircase leading up.
Ajx's ghost hits you!
* * * LOW HITPOINT WARNING * * *
Okay, then.
Ajx's ghost misses you. You furiously retaliate!
You headbutt ajx's ghost!
You riposte.
You closely miss ajx's ghost. Your headbutt misses ajx's ghost.
Ajx's ghost is lightly damaged.
Ajx's ghost hits you!!
You die...

#.... #≈≈# #####
#≈≈## .## ##
#≈≈.##..## ####P
#≈≈#.#...## #....
##≈≈.<.....# ##...
≈≈#####≈≈≈......#
#...
≈≈≈≈≈≈≈≈≈.......#
#...
#≈≈≈≈≈≈@WY......##
##...
###≈≈≈##Y........#
#P..Y ###
#........P###....
##........###.+...
#..........#P.#...
##........P..$###.
#............## ##
##........####
######.#.=


You could see 2 death yaks and ajx's ghost.

Vanquished Creatures
  The ghost of DildoBatman the Bewitcher, a journeyman FoEn of Sif Muna (Lair:3)
  A hydra (Lair:1)
  A vault guard (D:13)
  Erica (Lair:1)
  6 two-headed ogres
  An ogre mage (D:13)
  3 death yaks (Lair:3)
  Nergalle (D:12)
  Pikel (D:4)
  A manticore (D:13)
  An ugly thing (D:11)
  5 centaur zombies
  Joseph (D:8)
  2 gargoyles
  Psyche (D:8)
  A yaktaur (D:11)
  4 spiny frogs (Lair:1)
  A rime drake (Lair:1)
  A kobold demonologist (D:12)
  4 komodo dragons
  2 freezing wraiths (D:13)
  2 trolls
  Grinder (D:6)
  4 hippogriffs
  3 slime creatures (D:13)
  A shadow (D:11)
  A spriggan (D:7)
  3 wyverns
  2 wraiths
  Eustachio (D:5)
  2 basilisks
  A hungry ghost (D:10)
  Sigmund (D:4)
  4 vampire mosquitoes
  14 yaks
  Edmund (D:6)
  A soldier ant (D:11)
  6 porcupines
  An acid dragon (D:11)
  4 water moccasins
  Duvessa (D:4)
  4 slaves (D:4)
  5 orc warriors
  3 sky beasts
  2 ice beasts
  A phantom (D:11)
  3 black bears
  5 necrophages
  7 ogres
  9 centaurs
  6 crocodiles
  11 big kobolds
  2 wyvern zombies
  A gnoll sergeant (D:11)
  8 bullfrogs
  Dowan (D:4)
  5 scorpions
  4 killer bees (D:9)
  3 wights (D:9)
  An electric eel (D:10)
  3 howler monkeys (D:12)
  8 crimson imps
  6 bullfrog zombies
  4 centaur skeletons
  8 hounds
  2 jellies
  2 gnoll shamans
  9 orc priests
  4 bullfrog skeletons
  3 iguanas
  Terence (D:2)
  2 hell rats (Lair:3)
  20 orc wizards
  10 worker ants
  2 hound zombies
  A hound skeleton (D:6)
  A howler monkey zombie (D:7)
  A worker ant zombie (D:8)
  Robin (D:2)
  11 gnolls
  16 adders
  10 river rats
  5 shadow imps
  2 oozes
  9 worms
  3 dart slugs
  4 leopard geckos
  76 orcs
  9 giant cockroaches
  12 goblins
  8 hobgoblins
  16 jackals
  A quokka (D:2)
  6 bats
  A frilled lizard (D:3)
  65 kobolds
  A leopard gecko skeleton (D:4)
  A leopard gecko zombie (D:9)
  A quokka skeleton (D:5)
  5 rats
525 creatures vanquished.

Vanquished Creatures (others)
  An orc (D:4)
  2 bushes (D:7)
  5 fungi
  9 plants
17 creatures vanquished.

Grand Total: 542 creatures vanquished

Notes
Turn   | Place    | Note
-------+----------+-------------------------------------------
     0 | D:1      | Darkins the Minotaur Gladiator began the quest for the Orb.
     0 | D:1      | Reached XP level 1. HP: 18/18 MP: 0/0
   257 | D:1      | Reached XP level 2. HP: 25/25 MP: 1/1
   355 | D:1      | Reached skill level 4 in Long Blades
   460 | D:1      | Reached XP level 3. HP: 24/30 MP: 2/2
   623 | D:2      | Noticed Terence
   626 | D:2      | Noticed Robin
   633 | D:2      | Killed Terence
   905 | D:2      | Reached XP level 4. HP: 35/37 MP: 3/3
   912 | D:2      | Killed Robin
   939 | D:2      | Noticed a centaur
   954 | D:2      | Killed a centaur
   954 | D:2      | Reached skill level 5 in Long Blades
   954 | D:2      | Reached skill level 5 in Dodging
   954 | D:2      | Reached XP level 5. HP: 4/42 MP: 4/4
   959 | D:2      | HP: 2/63 [quokka (2)]
  1859 | D:3      | Found an iron altar of Okawaru.
  1901 | D:3      | Found a glowing drain.
  1909 | Sewer    | Entered a sewer
  1988 | Sewer    | Reached skill level 6 in Long Blades
  1988 | Sewer    | Reached XP level 6. HP: 28/50 MP: 5/5
  2626 | D:3      | Reached skill level 7 in Long Blades
  2626 | D:3      | Reached XP level 7. HP: 38/56 MP: 6/6
  2654 | D:3      | Gained mutation: Your spells are a little harder to cast, but a little more powerful. [potion of mutation]
  2654 | D:3      | Gained mutation: You are weak. (Str -2) [potion of mutation]
  2654 | D:3      | Gained mutation: You do not regenerate when monsters are visible. [potion of mutation]
  2654 | D:3      | Gained mutation: You are partially covered in yellow scales. (AC +2) [potion of mutation]
  2655 | D:3      | Lost mutation: You are weak. (Str -2) [potion of mutation]
  2655 | D:3      | Lost mutation: You do not regenerate when monsters are visible. [potion of mutation]
  2655 | D:3      | Lost mutation: You are partially covered in yellow scales. (AC +2) [potion of mutation]
  2655 | D:3      | Gained mutation: You are surrounded by a mild repulsion field. (EV +2) [potion of mutation]
  2655 | D:3      | Gained mutation: You are occasionally teleported next to monsters. [potion of mutation]
  2655 | D:3      | Lost mutation: You are occasionally teleported next to monsters. [potion of mutation]
  2655 | D:3      | Gained mutation: Your muscles are strong. (Str +2) [potion of mutation]
  2656 | D:3      | HP: 4/84 [poisoned by a kobold]
  3230 | D:3      | Found a radiant altar of Vehumet.
  3272 | D:3      | Found a bloodstained altar of Trog.
  3493 | D:3      | Reached skill level 8 in Long Blades
  3815 | D:3      | Became a worshipper of Trog the Wrathful
  3973 | D:4      | Reached XP level 8. HP: 51/62 MP: 7/7
  4053 | D:4      | Noticed Pikel
  4076 | D:4      | Killed Pikel
  4076 | D:4      | Reached skill level 9 in Long Blades
  4236 | D:4      | Found a hide-covered altar of Uskayaw.
  4391 | D:4      | Noticed Dowan
  4393 | D:4      | Noticed Duvessa
  4397 | D:4      | Killed Dowan
  4408 | D:4      | HP: 1/62 [Duvessa/short sword (5)]
  4410 | D:4      | Killed Duvessa
  4764 | D:4      | Noticed Sigmund
  4771 | D:4      | Killed Sigmund
  4771 | D:4      | Reached skill level 10 in Long Blades
  4784 | D:4      | Found Laskuh's Weapon Shop.
  4813 | D:4      | Reached * piety under Trog
  4824 | D:4      | You fall through a shaft!
  4824 | D:5      | Entered Level 5 of the Dungeon
  4969 | D:5      | Noticed Eustachio
  4975 | D:5      | Killed Eustachio
  4975 | D:5      | Reached XP level 9. HP: 68/68 MP: 8/8
  5160 | D:5      | Reached ** piety under Trog
  5275 | D:5      | Reached skill level 10 in Dodging
  5562 | D:4      | Found a deep blue altar of Sif Muna.
  5660 | D:6      | Reached skill level 11 in Long Blades
  6099 | D:6      | Noticed Grinder
  6106 | D:6      | Killed Grinder
  6538 | D:6      | Noticed Edmund
  6561 | D:6      | Killed Edmund
  6659 | D:6      | HP: 7/153 [orc warrior/mace (7)]
  7159 | D:7      | Found an opulent altar of Gozag.
  7160 | D:7      | Found a sparkling altar of Nemelex Xobeh.
  7183 | D:7      | Found an ornate altar of the Wu Jian Council.
  7252 | D:7      | Reached skill level 12 in Long Blades
  7357 | D:7      | Found a staircase to the Ecumenical Temple.
  7440 | D:7      | Reached *** piety under Trog
  7597 | D:7      | Found an ancient bone altar of Kikubaaqudgha.
  7793 | D:7      | Reached XP level 10. HP: 66/74 MP: 9/9
  7840 | D:7      | Found a blossoming altar of Fedhas.
  8354 | D:8      | Identified a scroll of acquirement
  8836 | D:8      | Reached skill level 13 in Long Blades
  8893 | D:8      | Noticed a two-headed ogre
  8912 | D:8      | Killed a two-headed ogre
  8913 | D:8      | Reached **** piety under Trog
  9214 | D:8      | Noticed Joseph
  9233 | D:8      | Killed Joseph
  9248 | D:8      | Found Fijireva's Armour Boutique.
  9587 | D:8      | Reached skill level 14 in Long Blades
  9595 | D:8      | Noticed a two-headed ogre
  9605 | D:8      | Killed a two-headed ogre
  9719 | D:8      | Noticed Psyche
  9730 | D:8      | Paralysed by Psyche for 6 turns
  9744 | D:8      | Killed Psyche
 10106 | Temple   | Entered the Ecumenical Temple
 10259 | D:9      | Reached XP level 11. HP: 80/80 MP: 10/10
 10358 | D:9      | Found a hazy altar of Hepliaklqana.
 10893 | D:9      | Found a basalt altar of Yredelemnul.
 11214 | D:9      | Found a blossoming altar of Fedhas.
 11331 | D:9      | Found a staircase to the Orcish Mines.
 11346 | D:10     | Entered Level 10 of the Dungeon
 11596 | D:10     | Reached ***** piety under Trog
 11616 | D:10     | Reached skill level 15 in Long Blades
 11753 | D:10     | Received a gift from Trog
 11904 | D:10     | Found a staircase to the Lair.
 11937 | D:10     | Found Pialot's Assorted Antiques.
 11937 | D:10     | Noticed a two-headed ogre
 11943 | D:10     | Killed a two-headed ogre
 12008 | D:10     | Bought a yellow potion for 23 gold pieces
 12008 | D:10     | Bought a blue potion for 23 gold pieces
 12008 | D:10     | Bought a scroll of identify for 52 gold pieces
 13195 | D:11     | Found a runed door.
 13250 | D:11     | Reached skill level 5 in Fighting
 13293 | D:11     | Found a runed door.
 13674 | D:11     | Reached XP level 12. HP: 71/94 MP: 11/11
 13848 | D:11     | Received a gift from Trog
 14033 | D:12     | Noticed Nergalle
 14057 | D:12     | Found Isuk's Magic Scroll Shop.
 14065 | D:12     | Killed Nergalle
 14075 | D:12     | Noticed a two-headed ogre
 14082 | D:12     | Killed a two-headed ogre
 14082 | D:12     | Reached skill level 16 in Long Blades
 14082 | D:12     | Reached skill level 15 in Dodging
 14409 | D:12     | Noticed a two-headed ogre
 14417 | D:12     | Killed a two-headed ogre
 14618 | D:13     | Noticed a two-headed ogre
 14636 | D:13     | Killed a two-headed ogre
 14636 | D:13     | Reached skill level 17 in Long Blades
 14728 | D:13     | Noticed an ogre mage
 14734 | D:13     | Killed an ogre mage
 14735 | D:13     | Noticed a vault guard
 14741 | D:13     | Killed a vault guard
 14755 | D:13     | Found a gate to the Vaults.
 14785 | D:13     | Noticed a death knight
 15313 | Lair:1   | Entered Level 1 of the Lair of Beasts
 15443 | Lair:1   | Reached skill level 18 in Long Blades
 15515 | Lair:1   | Noticed a seven-headed hydra
 15522 | Lair:1   | Killed a ten-headed hydra
 15522 | Lair:1   | Reached XP level 13. HP: 74/102 MP: 12/12
 15681 | Lair:1   | Noticed Erica
 15689 | Lair:1   | Killed Erica
 16604 | Lair:3   | Reached ****** piety under Trog
 16656 | Lair:3   | Noticed DildoBatman's ghost (journeyman FoEn)
 16676 | Lair:3   | Killed DildoBatman's ghost
 16808 | Lair:3   | Reached skill level 19 in Long Blades
 16817 | Lair:3   | HP: 2/153 [death yak (13)]
 16830 | Lair:3   | Noticed ajx's ghost (journeyman TrFi)
 16840 | Lair:3   | Slain by ajx's ghost

Skill      XL: |  1  2  3  4  5  6  7  8  9 10 11 12 13 |
---------------+----------------------------------------+-----
Dodging        | 4 5 6 8 9 11 12 14 15 | 15.5
Long Blades    | 4 5 6 7 8 10 12 14 15 18 19 | 19.2
Fighting       | 5 |  5.9
Throwing       | |  2.0
Armour         | |  0.6

Action                   |  1- 3 |  4- 6 |  7- 9 | 10-12 | 13-15 || total
-------------------------+-------+-------+-------+-------+-------++-------
Melee: Long sword        |    70 |   142 |   427 |   620 |       ||  1259
       Headbutt          |    15 |    24 |    84 |   225 |    23 ||   371
       Great sword       |       |       |       |   149 |    72 ||   221
Throw: Javelin           |       |       |     3 |       |       ||     3
       Throwing net      |       |       |     3 |       |       ||     3
Invok: Burn Spellbooks   |       |       |     1 |     4 |       ||     5
       Berserk           |       |       |     1 |     6 |     2 ||     9
  Use: Potion            |       |     3 |     8 |     6 |     2 ||    19
       Scroll            |       |       |       |    29 |     4 ||    33
 Stab: Invisible         |       |       |       |     2 |       ||     2
       Sleeping          |       |       |       |       |     3 ||     3
  Eat: Chunk             |       |     5 |    16 |    28 |     3 ||    52
       Ration            |       |       |     1 |     1 |     1 ||     3
Armor: Leather armour    |    23 |    13 |    39 |   104 |     1 ||   180
       Skin              |       |    26 |   160 |       |       ||   186
Dodge: Dodged            |    43 |   102 |   250 |   644 |    34 ||  1073
       Rpst.: Long sword |    12 |    22 |    61 |   117 |       ||   212
       Great sword       |       |       |       |    36 |    12 ||    48
